 Dungeon Crawl Stone Soup version 0.30-b1-2-g02819fbbbe (webtiles) character file.

Game seed: 2166847895023166220

1863 Alarkh the Martial Artist (level 8, 0/56 HPs)
             Began as a Demonspawn Warper on May 26, 2023.
             Was a Follower of Uskayaw.
             Succumbed to a water moccasin's poison
             ... on level 7 of the Dungeon.
             The game lasted 00:08:12 (6783 turns).

Alarkh the Martial Artist (Demonspawn Warper)       Turns: 6783, Time: 00:08:12

Health: 0/56       AC:  9    Str: 12    XL:     8   Next: 90%
Magic:  11/11      EV: 12    Int: 16    God:    Uskayaw [*.....]
Gold:   179        SH:  0    Dex: 13    Spells: 11/11 levels left

rFire   + .          .
                       - Unarmed
rCold   + . .        (no shield)
rNeg    . . .        y - +0 steam dragon scales
rPois   +            (no helmet)
rElec   +            m - +0 cloak
rCorr   +            (gloves unavailable)
SInv    +            A - +0 pair of boots
Will    .....        (no amulet)
Stlth   +            i - ring of see invisible
HPRegen 0.29/turn    (no ring)
MPRegen 0.12/turn

%: no passive effects
@: lethally poisoned (0 -> -3), resistant, hasted, very quick
A: claws 3, icy blue scales 1, demonic guardian 2
a: Renounce Religion, Stomp


You were on level 7 of the Dungeon.
You worshipped Uskayaw.
Uskayaw was noncommittal.
You visited 2 branches of the dungeon, and saw 8 of its levels.

You collected 279 gold pieces.
You spent 100 gold pieces at shops.

Inventory:

Hand Weapons
 b - a +0 sling
Missiles
 a - 7 boomerangs of dispersal
 v - 3 boomerangs
Armour
 m - a +0 cloak (worn)
 o - a +0 leather armour
 y - +0 steam dragon scales (worn)
 A - a +0 pair of boots (worn)
Magical Staves
 c - a staff of conjuration
Jewellery
 i - a ring of see invisible (left claw)
 k - a +6 ring of intelligence
 l - the ring "Vuafisud" {rElec rF- rCorr Int+4}
   (You bought it in a shop on level 1 of the Dungeon)

   [ring of resist corrosion]

   Int:       It affects your intelligence (+4).
   rF:        It makes you vulnerable to fire.
   rElec:     It insulates you from electricity.
   rCorr:     It protects you from acid and corrosion.
 n - a +6 ring of intelligence
 u - an amulet of magic regeneration
Wands
 B - a wand of digging (3)
Scrolls
 d - 5 scrolls of vulnerability
 g - 2 scrolls of teleportation
 q - a scroll of fog
 r - 3 scrolls of identify
 s - a scroll of magic mapping {unknown}
 t - a scroll of fear {unknown}
 x - 2 scrolls of enchant armour {unknown}
Potions
 e - a potion of brilliance
 h - a potion of might
 j - a potion of cancellation


   Skills:
 - Level 2.0 Fighting
 - Level 1.0 Staves
 - Level 0.8 Throwing
 - Level 0.8 Armour
 - Level 1.7 Dodging
 + Level 10.5 Unarmed Combat
 - Level 2.0 Spellcasting
 - Level 0.9 Conjurations
 - Level 2.6 Translocations
 - Level 0.9 Evocations


You had 11 spell levels left.
You didn't know any spells.
Your spell library contained the following spells:

 Spells                   Type           Power      Damage    Failure   Level
 Blink                    Tloc           20%        N/A       11%         2
 Lesser Beckoning         Tloc           20%        N/A       11%         2
 Sting                    Tmut/Pois      4%         1d3       21%         1
 Teleport Other           Tloc           10%        N/A       21%         3
 Poisonous Vapours        Pois/Air       2%         N/A       30%         2
 Vhi's Electric Charge    Tloc/Air       10%        N/A       34%         3
 Manifold Assault         Tloc           10%        N/A       56%         4
 Olgreb's Toxic Radiance  Pois           1%         N/A       90%         4


Dungeon Overview and Level Annotations

Branches:
Dungeon (7/15)             Temple (1/1) D:6

Altars:
Ashenzari
Cheibriados
Dithmenos
Fedhas
Hepliaklqana
Kikubaaqudgha
Makhleb
Nemelex Xobeh
Okawaru
Qazlal
Ru
Sif Muna
Trog
Uskayaw
Wu Jian
Xom
Yredelemnul

Shops:
D:1 *   D:4 *


Innate Abilities, Weirdness & Mutations

You have claws for hands.
You are partially covered in icy blue scales. (AC +2)
A demonic guardian rushes to your aid.


Message History

The sleepcap attacks as you move away! The sleepcap completely misses you.
The water moccasin attacks as you move away!
The water moccasin bites you.
You are poisoned.
The water moccasin poisons you!
You feel very sick.
You can no longer pass through a line of other dancers.
Found a stone staircase leading up.
You feel very sick. The sleepcap attacks as you move away!
The sleepcap closely misses you.
The water moccasin attacks as you move away!
The water moccasin closely misses you.
You feel sick. The water moccasin bites you.
* * * LOW HITPOINT WARNING * * *
You feel better. The water moccasin bites you.
You are poisoned.
The water moccasin poisons you! The sleepcap closely misses you.
You feel yourself speed up.
You feel very sick. The water moccasin bites you!
* * * LOW HITPOINT WARNING * * *
Your ice devil hits the water moccasin.
Your ice devil freezes the water moccasin!
The sleepcap releases spores at you.
* * * LOW HITPOINT WARNING * * *
A wight comes into view. It is wielding a +2 battleaxe.
The water moccasin bites you.
* * * LOW HITPOINT WARNING * * *
Blink to where?
Press: ? - help, Dir - move target
As you read the scroll of blinking, it crumbles to dust.
* * * LOW HITPOINT WARNING * * *
You feel sick.
* * * LOW HITPOINT WARNING * * *
You feel sick.
It was a potion of resistance.
You feel protected.
* * * LOW HITPOINT WARNING * * *
You feel sick.
You die...

############
#..........#
#........<.#
#..........#
#..........#
####.######### #..#
#.....# ########..#
#.....# #.........#
#.@...# (.......#.#
#..#.##
...........##..## #
#...........#..#
#.............####.
#.........)fS......
#.........z.z##..
##.........z###.#
#..........4......


You could see a water moccasin, a sleepcap and 3 wights.

Vanquished Creatures
  A water moccasin (D:5)
  A black bear (D:6)
  An ogre (D:6)
  3 phantoms
  A bullfrog (D:6)
  2 scorpions
  2 hounds
  Crazy Yiuf (D:5)
  A gnoll bouda (D:5)
  2 jellies
  3 iguanas (D:6)
  A sleepcap (D:7)
  Natasha (D:4)
  5 orc wizards
  3 gnolls (D:6)
  7 adders
  A shadow imp (D:6)
  2 white imps
  3 ufetubi
  2 worms (D:2)
  3 dart slugs
  18 orcs
  11 endoplasms
  2 giant cockroaches
  7 goblins
  4 hobgoblins
  8 jackals
  2 quokkas (D:1)
  12 ball pythons
  3 bats
  3 frilled lizards
  8 kobolds
  4 rats
128 creatures vanquished.

Vanquished Creatures (collateral kills)
  A steam dragon (D:6)
  A black bear (D:5)
  An orc warrior (D:6)
  A phantom (D:5)
  An orc priest (D:5)
  An iguana (D:4)
  A gnoll (D:5)
  An adder (D:4)
  A shadow imp (D:5)
  A white imp (D:7)
  7 orcs
  An endoplasm (D:4)
18 creatures vanquished.

Grand Total: 146 creatures vanquished

Notes
Turn   | Place    | Note
-------+----------+-------------------------------------------
     0 | D:1      | Alarkh the Demonspawn Warper began the quest for the Orb.
     0 | D:1      | Reached XP level 1. HP: 16/16 MP: 3/3
    34 | D:1      | Reached skill level 2 in Unarmed Combat
   143 | D:1      | Found Ithrou's Assorted Antiques.
   151 | D:1      | Gained mutation: You are partially covered in icy blue
                  | scales. (AC +2) [demonic ancestry]
   151 | D:1      | Reached XP level 2. HP: 22/22 MP: 5/5
   452 | D:1      | Reached skill level 3 in Unarmed Combat
   879 | D:1      | Gained mutation: A weak demonic guardian rushes to your
                  | aid. [demonic ancestry]
   879 | D:1      | Reached XP level 3. HP: 27/27 MP: 6/6
   963 | D:2      | Found a faded altar of an unknown god.
  2023 | D:3      | Reached skill level 4 in Unarmed Combat
  2023 | D:3      | Gained mutation: A demonic guardian rushes to your aid.
                  | [demonic ancestry]
  2023 | D:3      | Reached XP level 4. HP: 33/33 MP: 7/7
  2066 | D:1      | Bought a sparkling lapis lazuli ring for 100 gold pieces
  2066 | D:1      | Identified the ring "Vuafisud" {rElec rF- rCorr Int+4} (You
                  | bought it in a shop on level 1 of the Dungeon)
  2672 | D:4      | Reached skill level 1 in Staves
  2672 | D:4      | Gained mutation: You have sharp fingernails. [demonic
                  | ancestry]
  2672 | D:4      | Reached XP level 5. HP: 15/38 MP: 8/8
  2769 | D:4      | Found Tyut's Lightly-Used Armoury.
  3143 | D:4      | Noticed Natasha
  3154 | D:4      | Killed Natasha
  3342 | D:4      | Reached skill level 5 in Unarmed Combat
  3342 | D:4      | Reached XP level 6. HP: 30/44 MP: 9/9
  3615 | D:5      | Entered Level 5 of the Dungeon
  3692 | D:5      | Reached skill level 6 in Unarmed Combat
  3850 | D:5      | Gained mutation: You have very sharp fingernails. [demonic
                  | ancestry]
  3850 | D:5      | Reached XP level 7. HP: 21/50 MP: 10/10
  3851 | D:5      | Reached skill level 7 in Unarmed Combat
  4477 | D:5      | Found a runed translucent door.
  4478 | D:5      | Noticed Crazy Yiuf
  4669 | D:5      | Reached skill level 8 in Unarmed Combat
  4950 | D:5      | Killed Crazy Yiuf
  5118 | D:5      | Gained mutation: You have claws for hands. [demonic
                  | ancestry]
  5118 | D:5      | Reached XP level 8. HP: 40/56 MP: 11/11
  5577 | D:6      | Reached skill level 9 in Unarmed Combat
  5949 | D:6      | Found a staircase to the Ecumenical Temple.
  5959 | Temple   | Entered the Ecumenical Temple
  6199 | Temple   | Became a worshipper of Uskayaw the Reveller
  6219 | D:6      | Identified the +0 robe "Osiolid" {rPois Will+ Dex+2}
  6220 | D:6      | Reached * piety under Uskayaw
  6222 | D:6      | Reached skill level 10 in Unarmed Combat
  6222 | D:6      | Reached ** piety under Uskayaw
  6229 | D:6      | Reached *** piety under Uskayaw
  6231 | D:6      | Reached **** piety under Uskayaw
  6781 | D:7      | HP: 2/56 [poisoned by a water moccasin]
  6783 | D:7      | Succumbed to a water moccasin's poison

Illustrated notes

Levels and vault maps discovered:
D:1:      dpeg_arrival_arbitrary_a, layout_basic, serial_shops, shop,
          amcnicky_mini_corridor_feature
D:2:      layout_basic, basic_ecumenical_altar
D:3:      layout_rooms
D:4:      layout_cave_pods, minmay_shop_damaged, kennysheep_cross_bottleneck,
          uniq_natasha
D:5:      layout_basic, minmay_misc_feat_alley, uniq_crazy_yiuf_cottage
D:6:      layout_loops_ring, minmay_temple_entry_waves
D:7:      layout_rooms, serial_shops, nicolae_shop_trees,
          gammafunk_ghost_berserking_beasts, nicolae_specific_store
Temple:   nicolae_temple_bog_church

Skill      XL: |  1  2  3  4  5  6  7  8 |
---------------+-------------------------+-----
Unarmed Combat | 2 3 4 5 6 8 10 | 10.5
Staves         | 1 |  1.0
Fighting       | |  2.0
Throwing       | |  0.8
Armour         | |  0.8
Dodging        | |  1.7
Spellcasting   | |  2.0
Conjurations   | |  0.9
Translocations | |  2.6
Evocations     | |  0.9

Action                     |  1- 3 |  4- 6 |  7- 9 || total
---------------------------+-------+-------+-------++-------
  Melee: Unarmed           |   207 |   141 |   159 ||   507
         Punch             |     4 |     8 |    12 ||    24
         Staff             |       |    38 |       ||    38
   Fire: Sling             |    21 |     5 |       ||    26
    Use: Scroll            |     4 |     3 |     1 ||     8
         Potion            |       |     1 |     5 ||     6
   Stab: Sleeping          |       |     1 |       ||     1
         Paralysed         |       |       |     1 ||     1
 Armour: Leather armour    |    62 |    82 |    20 ||   164
         Steam dragon scal |       |       |    11 ||    11
  Dodge: Dodged            |   106 |   108 |    92 ||   306
